 Dungeon Crawl Stone Soup version 0.30-a0-626-gd6a5dd7a1f (webtiles) character file.

Game seed: 16835908029437486223

50 Dirtsage the Changer (level 3, -3/23 HPs)
             Began as an Octopode Transmuter on Jan 11, 2023.
             Was a Follower of Lugonu.
             Slain by a hobgoblin (4 damage)
             ... on level 2 of the Dungeon.
             The game lasted 00:02:18 (1518 turns).

Dirtsage the Changer (Octopode Transmuter)          Turns: 1518, Time: 00:02:19

Health: -3/23      AC:  1    Str:  9    XL:     3   Next: 79%
Magic:  15/15      EV: 13    Int: 17    God:    Lugonu [*.....]
Gold:   96         SH:  0    Dex: 12    Spells: 3/6 levels left

rFire   . . .      SeeInvis .      - Unarmed
rCold   . . .      Faith    +    (no shield)
rNeg    . . .      Spirit   .    (helmet currently unavailable)
rPois   .          Reflect  .    e - amulet of faith
rElec   .          Harm     .    b - ring of magical power
rCorr   .          Rampage  .    (no ring)
Will    .....                    (no ring)
Stlth   ++                       (no ring)
HPRegen 0.23/turn                (no ring)
MPRegen 0.14/turn                (no ring)
                                 (no ring)
                                 (no ring)

@: appendages (expiring)
A: tentacle spike 3, almost no armour, amphibious, 8 rings, camouflage 1,
gelatinous body 1, (nimble swimmer 1), tentacles
a: End Transformation, Renounce Religion, Depart the Abyss


You were on level 2 of the Dungeon.
You worshipped Lugonu.
Lugonu was aware of your devotion.
One of your tentacles had grown a beastly spike.
You visited 1 branch of the dungeon, and saw 2 of its levels.

You collected 96 gold pieces.

Inventory:

Jewellery
 b - a ring of magical power (left tentacle)
 e - an amulet of faith (around mantle)
Scrolls
 d - 2 scrolls of teleportation {unknown}
 g - a scroll of enchant weapon {unknown}
 i - a scroll of butterflies {unknown}
Potions
 a - a potion of lignification
 c - a potion of attraction {unknown}
 f - a potion of brilliance {unknown}
 h - 3 potions of curing {unknown}


   Skills:
 - Level 1.0 Fighting
 - Level 2.0 Dodging
 - Level 3.0 Unarmed Combat
 - Level 2.0 Spellcasting
 * Level 3.1 Transmutations
 * Level 2.2 Ice Magic


You had 3 spell levels left.
You knew the following spells:

 Your Spells              Type           Power      Damage    Failure   Level
a - Beastly Appendage     Tmut           24%        N/A       5%          1
b - Wereblood             Tmut           12%        N/A       9%          2

Your spell library contained the following spells:

 Spells                   Type           Power      Damage    Failure   Level
 Spider Form              Tmut/Pois      7%         N/A       30%         3
 Ice Form                 Ice/Tmut       10%        N/A       54%         4
 Cause Fear               Hex            0%         N/A       88%         4
 Dragon Form              Tmut           6%         N/A       100%        7
 Dragon's Call            Summ           0%         N/A       100%        9


Dungeon Overview and Level Annotations

Branches:
Dungeon (2/15)

Altars:
Lugonu


Innate Abilities, Weirdness & Mutations

One of your tentacles has grown a beastly spike.
You cannot wear most types of armour.
You are amphibious.
You can wear up to eight rings at the same time.
Your skin changes colour to match your surroundings (Stealth+).
Your rubbery body absorbs attacks. (AC +1, EV +1)
((You are camouflaged when in or above water. (Stealth+)))
You have tentacles for arms and can constrict up to eight enemies at once.


Message History

You kill the goblin!
Lugonu accepts your kill.
You see here a +0 club.
MP restored: 15 Your transformation is almost over.
The goblin hits you with a +0 club.
You take 2 damage, and have 21/23 hp.
You tentacle-slap the goblin. Your grab misses the goblin.
The goblin is severely wounded.
The goblin misses you. The hobgoblin hits you. The goblin barely misses you. x2
You take 1 damage, and have 20/23 hp.
You closely miss the goblin. You grab the goblin. You squeeze the goblin.
You kill the goblin!
Lugonu accepts your kill. The hobgoblin barely misses you.
The goblin hits you but does no damage.
You tentacle-slap the goblin. Your grab misses the goblin.
Your tentacle-slap misses the goblin.
The goblin is moderately wounded.
The goblin hits you with a +0 club. The goblin hits you but does no damage.
The goblin hits you with a +0 club. The hobgoblin hits you.
* * * LOW HITPOINT WARNING * * *
You take 14 damage, and have 6/23 hp.
MASSIVE DAMAGE!!
You are too injured to fight recklessly!
You are too injured to fight recklessly!
You are too injured to fight recklessly!
The goblin attacks as you move away! The goblin closely misses you.
Things that are here:
a +0 club; a goblin corpse The goblin hits you with a +0 club.
* * * LOW HITPOINT WARNING * * *
You take 1 damage, and have 5/23 hp.
The goblin attacks as you move away! The goblin hits you with a +0 club.
* * * LOW HITPOINT WARNING * * *
You take 3 damage, and have 2/23 hp.
You see here 8 gold pieces.
The hobgoblin attacks as you move away! The hobgoblin hits you.
* * * LOW HITPOINT WARNING * * *
You take 1 damage, and have 1/23 hp.
The hobgoblin attacks as you move away! The hobgoblin hits you.
You die...

#...8.8.8.8.#
#...........#
#.........$[# #
#####.....).....# #
#........).....)# #
#......gg)......# #
#....g..8.8.8.8.# ###
#....g########### #..
###....@##############.#
#>......................
###.....#####.#.######.#
#.....#####.#........#
#.............#..#####
##........)....#......#
#........).....##.###.#
#..............##.# #.†
......<#####.....##.#
##.


You could see a hobgoblin and 2 goblins.

Vanquished Creatures
  A gnoll (D:1)
  A dart slug (D:1)
  2 ball pythons
  5 endoplasms
  2 giant cockroaches
  6 goblins
  2 hobgoblins
  2 quokkas
  4 bats
  2 frilled lizards
  3 kobolds
  5 rats
35 creatures vanquished.

Notes
Turn   | Place    | Note
-------+----------+-------------------------------------------
     0 | D:1      | Dirtsage the Octopode Transmuter began the quest for the
                  | Orb.
     0 | D:1      | Reached XP level 1. HP: 13/13 MP: 3/3
   145 | D:1      | Reached skill level 1 in Ice Magic
   145 | D:1      | Reached XP level 2. HP: 16/18 MP: 1/5
   459 | D:1      | Reached XP level 3. HP: 23/23 MP: 6/6
   462 | D:1      | Learned a level 2 spell: Wereblood
  1159 | D:2      | Noticed an eye of devastation
  1161 | D:2      | Found a faded altar of an unknown god.
  1164 | D:2      | Noticed an eye of devastation
  1164 | D:2      | Noticed a golden eye
  1164 | D:2      | Noticed a floating eye
  1173 | D:2      | Prayed at the altar of an unknown god.
  1173 | D:2      | Became a worshipper of Lugonu the Unformed
  1173 | D:2      | Reached * piety under Lugonu
  1517 | D:2      | HP: 1/23 [hobgoblin (1)]
  1518 | D:2      | Slain by a hobgoblin

Illustrated notes

Levels and vault maps discovered:
D:1:      sevenhm_arrival_forest_fort_large_2, layout_loops_ring
D:2:      kennysheep_the_goblin_king, layout_basic,
          hellmonk_ecumenical_altar_watching_god

Skill      XL: |  1  2  3 |
---------------+----------+-----
Ice Magic      | 1 2 |  2.2
Transmutations | 3 |  3.1
Fighting       | |  1.0
Dodging        | |  2.0
Unarmed Combat | |  3.0
Spellcasting   | |  2.0

Action                   || total
-------------------------++-------
Melee: Unarmed           ||    71
       Tentacles         ||    16
       Kick              ||     5
       Constrict         ||    20
       Punch             ||     1
 Cast: Beastly Appendage ||     7
 Stab: Sleeping          ||     9
Armor: Skin              ||     7
Dodge: Dodged            ||    31

Table legend: (Time is in decaauts)
 A = Elapsed time spent in this place.
 B = Non-inter-level travel time spent in this place.
 C = Inter-level travel time spent in this place.
 D = Time resting spent in this place.
 E = Time spent auto-exploring this place.
 F = Levels seen in this place.
 G = Mean time per level.
                   A        B        C        D        E       F      G
               +--------+--------+--------+--------+--------+-----+--------+
         Total |   1512 |   1421 |     91 |      0 |   1181 |   2 |  756.0 |
       Dungeon |   1512 |   1421 |     91 |      0 |   1181 |   2 |  756.0 |
               +--------+--------+--------+--------+--------+-----+--------+

Top non-repeatable levels by time:
     D:1: 942 daAuts
     D:2: 570 daAuts
